 Dungeon Crawl Stone Soup version 0.18.1-48-g4cf74bf (webtiles) character file.

658 KingGeedorah the Changer (level 7, -2/52 HPs)
             Began as a Purple Draconian Transmuter on July 22, 2016.
             Slain by a hell rat (14 damage)
             ... on level 5 of the Dungeon.
             The game lasted 00:09:18 (4325 turns).

KingGeedorah the Changer (DrTm)                     Turns: 4325, Time: 00:09:18

Health: -2/52      AC:  9    Str: 12    XL:     7   Next: 29%
Magic:  16/21      EV: 12    Int: 14    God:
Gold:   206        SH:  0    Dex: 13    Spells: 4 memorised, 2 levels left

rFire  . . .     SeeInvis .       - Unarmed
rCold  . . .     Gourm    .     (armour unavailable)
rNeg   . . .     Faith    .     (shield currently unavailable)
rPois  .         Spirit   .     (helmet restricted)
rElec  .         Dismiss  .     (no cloak)
rCorr  .         Reflect  .     (gloves currently unavailable)
SustAt .         Harm     .     f - +2 pair of boots
MR     ++...                    (no amulet)
Stlth  +.........               p - ring of protection from magic
                                l - ring of magical power

@: blade hands, drained, very resistant to hostile enchantments, very unstealthy
A: breathe power, unfitting armour, cold-blooded, AC +6
a: Breathe Dispelling Energy, End Transformation


You were on level 5 of the Dungeon.
You were hungry.
You had blades for hands.
You visited 1 branch of the dungeon, and saw 5 of its levels.

You collected 206 gold pieces.

Inventory:

Missiles
 a - 16 arrows
Armour
 f - a +2 pair of boots (worn)
 k - a +0 pair of gloves (melded)
Jewellery
 l - a ring of magical power (left scythe-like blade)
 p - a ring of protection from magic (right scythe-like blade)
 q - a +3 ring of protection {unknown}
 t - a +3 ring of intelligence {unknown}
Wands
 m - a wand of iceblast (7/15)
Scrolls
 r - a scroll of amnesia
 v - 2 scrolls of remove curse
 x - a scroll of noise {unknown}
Potions
 d - a potion of berserk rage {unknown}
 e - a potion of mutation {unknown}
 g - 2 potions of curing
 h - 2 potions of magic {unknown}
 i - a potion of flight {unknown}
 n - a potion of ambrosia {unknown}
 o - 2 potions of might {unknown}
 s - a potion of heal wounds {unknown}
 w - a potion of brilliance {unknown}
Books
 b - a book of Changes

   Spells                             Type                      Level
   a - Beastly Appendage              Transmutation                1
   b - Sticks to Snakes               Transmutation                2
   c - Spider Form                    Transmutation/Poison         3
   d - Ice Form                       Ice/Transmutation            4
   e - Blade Hands                    Transmutation                5
Comestibles
 c - 2 bread rations
 j - a meat ration
 u - 2 chunks of flesh


   Skills:
 - Level 1.1(0.5) Fighting
 - Level 1.7(1.1) Dodging
 - Level 3.0(2.3) Unarmed Combat
 - Level 3.8(3.2) Spellcasting
 + Level 7.7(7.0) Transmutations


You had 2 spell levels left.
You knew the following spells:

 Your Spells              Type           Power        Failure   Level  Hunger
a - Beastly Appendage     Trmt           ###...       17%         1    #......
b - Sticks to Snakes      Trmt           ###.....     21%         2    ##.....
c - Spider Form           Trmt/Pois      ##........   58%         3    ###....
d - Blade Hands           Trmt           ###.......   80%         5    ######.


Dungeon Overview and Level Annotations

Branches:
Dungeon (5/15)
 Temple: D:4-7

Altars:
Cheibriados
Elyvilon
Makhleb
Zin


Innate Abilities, Weirdness & Mutations

You can breathe bolts of dispelling energy.
Your rich purple scales are hard (AC +6).
Your body does not fit into most forms of armour.
You are cold-blooded and may be slowed by cold attacks.


Message History

The hell rat misses you.
You hit the hell rat but do no damage.
Your tail-slap misses the hell rat.
The hell rat is lightly wounded.
The hell rat barely misses you.
You hit the hell rat.
The hell rat is moderately wounded.
The hell rat bites you!
Casting: Blade Hands
Confirm with . or Enter, or press ? or * to list all spells.
Your hands turn into razor-sharp scythe blades.
Your +0 pair of gloves melds into your body.
The hell rat bites you.
* * * LOW HITPOINT WARNING * * *
You feel drained.
* * * LOW HITPOINT WARNING * * *
Unknown command.
You hit the hell rat.
The hell rat is moderately wounded.
The hell rat bites you!
You die...

## .# #.# #.#
..###.##
#####...#.#
########..###.††#
..##.#..##..†...#
..'.#.#######.##..#
..##### #..#.###...
..# #.####.@# ...
..# #. ###rr...#
.## # rr...# .##
r....# ..# .....#
..# .....# ..#
...### ..# .### ..#


You could see a hell rat, a river rat and 3 rats.

Vanquished Creatures
  Grinder (D:3)
  A scorpion (D:4)
  A crimson imp (D:4)
  An orc wizard (D:4)
  Jessica (D:2)
  Natasha (twice) (D:3)
  2 worker ants (D:4)
  A hell rat (D:5)
  10 adders
  3 river rats (D:5)
  An adder skeleton (D:4)
  A worm (D:2)
  A dart slug (D:1)
  8 giant geckos
  13 orcs
  2 ball pythons
  5 giant cockroaches
  9 goblins
  8 hobgoblins
  3 kobolds
  A quokka (D:4)
  8 bats
  5 giant newts
  A quokka skeleton (D:4)
  13 rats
102 creatures vanquished.

Vanquished Creatures (collateral kills)
  An orc priest (D:3)
  A bat (D:3)
2 creatures vanquished.

Grand Total: 104 creatures vanquished

Notes
Turn   | Place    | Note
--------------------------------------------------------------
     0 | D:1      | KingGeedorah the Draconian Transmuter began the quest for the Orb.
     0 | D:1      | Reached XP level 1. HP: 16/16 MP: 3/3
   238 | D:1      | Reached XP level 2. HP: 12/23 MP: 5/5
   254 | D:1      | Learned a level 2 spell: Sticks to Snakes
   411 | D:1      | Reached skill level 3 in Transmutations
   865 | D:1      | Reached XP level 3. HP: 27/28 MP: 6/6
  1122 | D:2      | Reached skill level 4 in Transmutations
  1268 | D:2      | Learned a level 3 spell: Spider Form
  1394 | D:2      | Reached XP level 4. HP: 11/35 MP: 3/7
  2355 | D:3      | Noticed Jessica
  2365 | D:2      | Killed Jessica
  2365 | D:2      | Reached skill level 5 in Transmutations
  2543 | D:3      | Noticed Grinder
  2551 | D:2      | Reached XP level 5. HP: 16/40 MP: 5/8
  2775 | D:3      | Killed Grinder
  2775 | D:3      | Reached skill level 6 in Transmutations
  2775 | D:3      | Reached XP level 6. HP: 25/47 MP: 0/9
  3040 | D:3      | Noticed Natasha
  3045 | D:3      | Killed Natasha
  3245 | D:3      | Reached skill level 7 in Transmutations
  3355 | D:3      | Noticed Natasha
  3366 | D:3      | Killed Natasha
  3519 | D:3      | Found a burning altar of Makhleb.
  3522 | D:3      | Noticed a green death
  3525 | D:3      | Found a glowing silver altar of Zin.
  3525 | D:3      | Noticed an angel
  3774 | D:4      | Learned a level 5 spell: Blade Hands
  3894 | D:4      | Found a snail-covered altar of Cheibriados.
  3935 | D:4      | Your scales start taking on a rich purple colour.
  3935 | D:4      | Reached XP level 7. HP: 52/52 MP: 8/12
  4107 | D:4      | Found a white marble altar of Elyvilon.
  4217 | D:5      | Entered Level 5 of the Dungeon
  4325 | D:5      | Slain by a hell rat

Skill      XL: |  1  2  3  4  5  6 |
---------------+-------------------+-----
Transmutations | 3 4 5 6 7 |  7.7
Spellcasting   | 3 |  3.8
Fighting       | |  1.1
Dodging        | |  1.7
Unarmed Combat | |  3.0

Action                   |  1- 3 |  4- 6 |  7- 9 || total
-------------------------+-------+-------+-------++-------
Melee: Unarmed           |   170 |   202 |    65 ||   437
       Tailslap          |    14 |     9 |     9 ||    32
       Punch             |     1 |     1 |     1 ||     3
 Cast: Beastly Appendage |     2 |       |       ||     2
       Spider Form       |     1 |    10 |       ||    11
       Sticks to Snakes  |       |     4 |       ||     4
       Blade Hands       |       |     1 |     5 ||     6
  Use: Scroll            |       |     7 |     5 ||    12
 Stab: Sleeping          |       |     4 |     1 ||     5
       Distracted        |       |     1 |       ||     1
  Eat: Chunk             |     1 |    11 |     3 ||    15
Armor: Skin              |    54 |    47 |    25 ||   126
Dodge: Dodged            |   128 |   134 |    59 ||   321
